 Dungeon Crawl Stone Soup version 0.14.1-11-gf908b15 (webtiles) character file.

939 Heini the Protected (level 7, 0/62 HPs)
             Began as a Minotaur Fighter on May 30, 2014.
             Slain by a troll (7 damage)
             ... on Level 4 of the Dungeon.
             The game lasted 00:10:04 (3120 turns).

Heini the Protected (Minotaur Fighter)              Turns: 3120, Time: 00:10:05

HP   0/62        AC 14     Str 27      XL: 7   Next: 63%
MP   3/3         EV  6     Int  5      God:
Gold 118         SH 20     Dex 10      Spells:  0 memorised,  6 levels left

rFire  . . .     SeeInvis .     a - +0 flail
rCold  . . .     Clarity  .     u - +0 chain mail
rNeg   . . .     Conserve .     c - +0 shield
rPois  .         rCorr    .     (helmet restricted)
rElec  .         rRot     .     y - +1 cloak
SustAb . .       Spirit   .     (no gloves)
rMut   .         Warding  .     r - +0 pair of boots
Saprov . . .     Stasis   .     D - amulet of rage
MR     .....                    (no ring)
                                (no ring)

@: mighty, not resistant to hostile enchantments, extremely unstealthy
A: retaliatory headbutt, horns 2
a: Evoke Berserk Rage


You were on level 4 of the Dungeon.
You were not hungry.

You visited 1 branch of the dungeon, and saw 4 of its levels.

You collected 118 gold pieces.

Inventory:

Hand weapons
 a - a +0,+0 flail (weapon)
Armour
 c - a +0 shield (worn)
 r - a +0 pair of boots (worn)
 u - a +0 chain mail (worn)
 y - a +1 cloak (worn)
Magical devices
 v - a wand of frost (13)
 B - a wand of digging (12)
Comestibles
 b - a choko
 d - 4 bread rations
 h - a meat ration
 i - a pear
 j - a rambutan
 l - 2 apples
 n - a cheese
 A - 2 rotting chunks of worker ant flesh
Scrolls
 p - a scroll of blinking
 t - 2 scrolls of remove curse
 x - a scroll of recharging
 z - a scroll of identify
Jewellery
 w - a cursed amulet of faith {unknown}
 D - an amulet of rage (around neck)
Potions
 f - a potion of confusion {unknown}
 m - 5 potions of curing
 q - a potion of heal wounds {unknown}
 s - a potion of poison {unknown}
Books
 g - a book of Necromancy

   Spells                             Type                      Level
   Pain                               Necromancy                   1
   Animate Skeleton                   Necromancy                   1
   Lethal Infusion                    Charms/Necromancy            2
   Vampiric Draining                  Necromancy                   3
   Regeneration                       Charms/Necromancy            3
   Animate Dead                       Necromancy                   4
   Control Undead                     Necromancy                   4


   Skills:
 * Level 5.9 Fighting
 * Level 6.1 Maces & Flails
 * Level 8.0 Armour
 - Level 3.6 Shields
 + Level 0.2 Evocations


You had 6 spell levels left.
You didn't know any spells.

Dungeon Overview and Level Annotations

Branches:
Dungeon (4/15)
 Temple: D:4-7

Altars:
Elyvilon

Annotations:
D:4 Squiddles' ghost, experienced HaAs


Innate Abilities, Weirdness & Mutations

You reflexively headbutt those who attack you in melee.
You have a pair of horns on your head.


Message History

You block Squiddles' ghost's attack. The troll bites you!
* * * LOW HITPOINT WARNING * * *
The troll claws you.
* * * LOW HITPOINT WARNING * * *
The troll barely misses you.
The orc wizard gestures at you while chanting.
The puff of frost hits you!
* * * LOW HITPOINT WARNING * * *
The orc wizard casts a spell at you. You block the puff of flame.
The orc wizard gestures at you while chanting.
The puff of frost hits you!
The orc wizard gestures at you while chanting.
The magic dart hits you!
* * * LOW HITPOINT WARNING * * *
The orc wizard points at you and mumbles some strange words.
You block the puff of flame.
The orc wizard glows brightly for a moment.
You block the troll's attack. The troll claws you!
You die...

##..####..#######.#
#........# #.# #........#
#.# #§§ #.....<..# #.#
§≈§.##.≈≈ #........# #.#
≈§§§.##.≈§≈
#........#######..
≈≈≈≈#..#§§≈§
#.................
≈≈≈§≈..§≈§≈§§
#........#########
≈≈≈≈≈..≈≈≈≈≈≈ #@.......#
≈≈≈≈≈..§§≈≈≈≈ ##T######.#
≈≈§§§§.§≈≈§≈§##.p# #.#
≈§§§≈§.§§§≈≈##...# #.#
#≈≈≈≈.§§≈§≈##.o..# #.#
#≈≈≈..§§≈##.....# #.#
.####''####......# #.#
...>.............# #.#
.................######.#


You could see a troll, an orc wizard and Squiddles' ghost.

Vanquished Creatures
  Prince Ribbit (D:4)
  Menkaure (D:4)
  A phantom (D:4)
  2 ogres (D:4)
  Crazy Yiuf (D:3)
  An orc wizard (D:3)
  3 worker ants (D:4)
  Jessica (D:3)
  6 adders
  2 worms (D:4)
  4 orcs (D:3)
  4 giant cockroaches
  8 goblins
  3 hobgoblins (D:3)
  5 jackals (D:2)
  3 quokkas
  2 ball pythons (D:2)
  8 bats
  6 giant newts
  A goblin skeleton (D:4)
  5 kobolds
  25 rats
93 creatures vanquished.

Notes
Turn   | Place    | Note
--------------------------------------------------------------
     0 | D:1      | Heini, the Minotaur Fighter, began the quest for the Orb.
     0 | D:1      | Reached XP level 1. HP: 19/19 MP: 1/1
   186 | D:1      | Reached skill level 4 in Armour
   202 | D:1      | Reached XP level 2. HP: 27/27 MP: 1/1
   594 | D:2      | Reached XP level 3. HP: 29/33 MP: 2/2
  1541 | D:3      | Noticed Jessica
  1548 | D:3      | Killed Jessica
  1548 | D:3      | Reached XP level 4. HP: 19/41 MP: 2/2
  1789 | D:3      | Reached skill level 5 in Armour
  2080 | D:3      | Reached XP level 5. HP: 47/47 MP: 2/2
  2305 | D:3      | Noticed Crazy Yiuf
  2312 | D:3      | Killed Crazy Yiuf
  2369 | D:4      | Noticed Prince Ribbit
  2373 | D:4      | Killed Prince Ribbit
  2373 | D:4      | Reached skill level 5 in Fighting
  2373 | D:4      | Reached skill level 5 in Maces & Flails
  2373 | D:4      | Reached skill level 6 in Armour
  2373 | D:4      | Reached XP level 6. HP: 38/56 MP: 3/3
  2399 | D:4      | Noticed an ogre
  2406 | D:4      | Killed an ogre
  2619 | D:4      | Noticed a phantom
  2645 | D:4      | Killed a phantom
  2645 | D:4      | Reached skill level 7 in Armour
  2645 | D:4      | Reached XP level 7. HP: 52/61 MP: 3/3
  2874 | D:4      | Noticed an ogre
  2880 | D:4      | Killed an ogre
  2962 | D:4      | Found a white marble altar of Elyvilon.
  2967 | D:4      | Noticed Menkaure
  2973 | D:4      | Killed Menkaure
  2973 | D:4      | Reached skill level 8 in Armour
  3093 | D:4      | Noticed a troll
  3094 | D:4      | Noticed Squiddles' ghost (experienced HaAs)
  3120 | D:4      | Slain by a troll

Action                   |  1- 3 |  4- 6 |  7- 9 || total
-------------------------+-------+-------+-------++-------
Melee: Flail             |   106 |    72 |    48 ||   226
 Abil: Evoke Berserk Rag |       |       |     1 ||     1
Evoke: Wand              |       |     1 |     1 ||     2
  Use: Scroll            |     2 |     8 |       ||    10
       Potion            |       |     1 |     2 ||     3
